 Dungeon Crawl Stone Soup version 0.30.0-17-ge0270778cf (webtiles) character file.

Game seed: 14527273804685111852

105 zeram the Covered (level 4, -1/29 HPs)
             Began as a Gargoyle Fighter on May 23, 2023.
             Was an Initiate of Gozag.
             Slain by a gnoll
             ... wielding a +0 club
              (3 damage)
             ... on level 3 of the Dungeon.
             The game lasted 00:01:55 (1771 turns).

zeram the Covered (Gargoyle Fighter)                Turns: 1771, Time: 00:01:55

Health: -1/29      AC: 10    Str: 21    XL:     4   Next: 83%
Magic:  0/13       EV:  9    Int:  9    God:    Gozag
Gold:   44         SH:  4    Dex:  9    Spells: 3/3 levels left

rFire   . . .        a - +0 flail
rCold   . . .        c - +0 buckler
rNeg    + . .        b - +0 scale mail
rPois   ∞            (no helmet)
rElec   +            (no cloak)
rCorr   .            (no gloves)
SInv    .            (no boots)
Will    +....        j - amulet of guardian spirit Stlth
                     h - ring of magical power
HPRegen 0.24/turn    k - ring of willpower
MPRegen 0.13/turn

%: guardian spirit
@: mighty
A: sickness immunity, AC +3, negative energy resistance 1, electricity
resistance, torment resistance 1, petrification resistance
a: Renounce Religion, Potion Petition, Call Merchant, Bribe Branch


You were on level 3 of the Dungeon.
You worshipped Gozag.
Gozag was noncommittal.
You visited 1 branch of the dungeon, and saw 3 of its levels.

You collected 72 gold pieces.
You paid 28 gold pieces to Gozag.

Inventory:

Hand Weapons
 a - a +0 flail (weapon)
Armour
 b - a +0 scale mail (worn)
 c - a +0 buckler (worn)
Jewellery
 h - a ring of magical power (left hand)
 j - an amulet of guardian spirit (around neck)
 k - a ring of willpower (right hand)
Wands
 o - a wand of digging (1)
Scrolls
 e - 2 scrolls of identify {unknown}
 f - a scroll of silence {unknown}
 i - a scroll of vulnerability {unknown}
 l - a scroll of enchant weapon {unknown}
 n - a scroll of enchant armour {unknown}
Potions
 d - a potion of might
 g - a potion of lignification {unknown}
 m - a potion of magic {unknown}


   Skills:
 + Level 3.8 Fighting
 + Level 3.3 Maces & Flails
 + Level 4.1 Armour
 + Level 0.4 Dodging
 + Level 3.7 Shields


You had 3 spell levels left.
You didn't know any spells.
Your spell library contained the following spells:

 Spells                   Type           Power      Damage    Failure   Level
 Ozocubu's Refrigeration  Ice            0%         4d7       100%        7
 Polar Vortex             Ice            0%         N/A       100%        9
 Simulacrum               Ice/Necr       Unusable   N/A       N/A         6

Dungeon Overview and Level Annotations

Branches:
Dungeon (3/15)

Altars:
Fedhas
Gozag
Okawaru
Sif Muna
Xom
The Shining One


Innate Abilities, Weirdness & Mutations

You are immune to sickness and miasma.
Your stone body is resilient. (AC +3)
You are immune to poison.
You resist negative energy. (rN+)
You are resistant to electric shocks. (rElec)
You are resistant to unholy torment.
You are immune to petrification.


Message History

The gnoll is no longer distracted by gold.
The gnoll hits you but does no damage. The gnoll hits you with a +0 spear.
You closely miss the gnoll. The gnoll hits you but does no damage.
The gnoll completely misses you. You block the gnoll's attack. x2
You hit the gnoll.
The gnoll is heavily wounded.
The gnoll hits you from afar with a +0 spear.
The gnoll barely misses you.
A gnoll comes into view. It is wielding a +0 spear.
You closely miss the gnoll.
The gnoll is heavily wounded.
The gnoll closely misses you. The gnoll hits you with a +0 spear.
You hit the gnoll.
The gnoll is severely wounded.
The gnoll hits you but does no damage. The gnoll hits you with a +0 spear.
You sock the gnoll!
You kill the gnoll!
The gnoll hits you from afar with a +0 spear.
The gnoll hits you with a +0 club. The gnoll closely misses you.
The gnoll hits you from afar with a +0 spear.
* * * LOW HITPOINT WARNING * * *
You barely miss the gnoll.
The gnoll hits you from afar with a +0 spear.
* * * LOW HITPOINT WARNING * * *
The gnoll hits you from afar with a +0 spear.
* * * LOW HITPOINT WARNING * * *
The gnoll is distracted by your dazzling golden aura.
You hit the gnoll.
The gnoll is no longer distracted by gold.
The gnoll is lightly wounded.
You block the gnoll's attack. x2; The gnoll hits you but does no damage.
Okay, then.
You feel very mighty all of a sudden. The gnoll hits you but does no damage.
The gnoll closely misses you. The gnoll hits you but does no damage.
You thump the gnoll!
The gnoll is almost dead.
The gnoll hits you but does no damage. x2; The gnoll hits you with a +0 club.
You die...
Your body crumbles into a pile of gold.

#......# #.#>.. ###.####
#.#.## #.# #.#.# #####
#.######.#.## #...#
###............ #...#
#...######.#### #...#
#...#..........
#.##..g####...#.####.####
#......g@.g...# #....#...
.....#########.#
#....#.#. ... #.# #....#
+. . #.# ####.# #. #.#
#.# #. .# #.# #. #.# ##
#(# #.#


You could see 3 gnolls.

Vanquished Creatures
  An iguana (D:3)
  3 gnolls (D:3)
  2 adders (D:2)
  3 bats
  5 endoplasms
  A giant cockroach (D:2)
  4 goblins (D:2)
  6 hobgoblins
  3 ball pythons (D:1)
  A frilled lizard (D:2)
  3 kobolds
  4 rats
36 creatures vanquished.

Notes
Turn   | Place    | Note
-------+----------+-------------------------------------------
     0 | D:1      | zeram the Gargoyle Fighter began the quest for the Orb.
     0 | D:1      | Reached XP level 1. HP: 14/14 MP: 1/1
   227 | D:1      | Reached XP level 2. HP: 16/19 MP: 2/2
   728 | D:2      | Reached XP level 3. HP: 22/23 MP: 3/3
  1121 | D:2      | Found a blossoming altar of Fedhas.
  1407 | D:3      | Reached skill level 4 in Armour
  1407 | D:3      | Reached XP level 4. HP: 19/29 MP: 4/4
  1468 | D:3      | Found an iron altar of Okawaru.
  1475 | D:3      | Found a glowing golden altar of the Shining One.
  1475 | D:3      | Found a shimmering altar of Xom.
  1479 | D:3      | Found a shimmering blue altar of Sif Muna.
  1672 | D:3      | Found an opulent altar of Gozag.
  1716 | D:3      | Became a worshipper of Gozag Ym Sagoz the Greedy
  1768 | D:3      | HP: 1/29 [gnoll/+0 spear (4)]
  1771 | D:3      | Slain by a gnoll

Illustrated notes

Levels and vault maps discovered:
D:1:      minmay_arrival_solitary_statue, layout_loops_cross
D:2:      layout_loops_ring, basic_altar
D:3:      layout_basic, pdpol_temple_overflow_zin_treasury_gozag_greed,
          mainiacjoe_overflow_brackets, minitemple

Skill      XL: |  1  2  3 |
---------------+----------+-----
Maces & Flails | 3 |  3.3
Armour         | 4 |  4.1
Fighting       | |  3.8
Dodging        | |  0.4
Shields        | |  3.7

Action                     |  1- 3 |  4- 6 || total
---------------------------+-------+-------++-------
  Melee: Flail             |   105 |    30 ||   135
    Use: Potion            |       |     1 ||     1
 Armour: Scale mail        |    54 |    20 ||    74
  Dodge: Dodged            |    53 |    21 ||    74
  Block: Buckler           |    27 |    12 ||    39
